 Dungeon Crawl Stone Soup version 0.30-a0-358-g0d69a1922f (webtiles) character file.

Game seed: 11736818348775025349

92 KennySheep the Shooter (level 4, 0/28 HPs)
             Began as a Tengu Hunter on Nov 11, 2022.
             Was a High Priest of Ignis.
             Slain by a gnoll
             ... wielding a +0 spear
              (9 damage)
             ... on level 3 of the Dungeon.
             The game lasted 00:04:49 (2053 turns).

KennySheep the Shooter (Tengu Hunter)               Turns: 2053, Time: 00:04:49

Health: 0/28       AC:  3    Str: 11    XL:     4   Next: 60%
Magic:  5/5        EV: 12    Int:  9    God:    Ignis [*****.]
Gold:   177        SH:  0    Dex: 20    Spells: 3/3 levels left

rFire   + . .      SeeInvis .    a - +0 shortbow
rCold   + . .      Faith    .    (shield currently unavailable)
rNeg    . . .      Spirit   .    c - +0 leather armour
rPois   .          Reflect  .    (helmet restricted)
rElec   .          Harm     .    (no cloak)
rCorr   .          Rampage  .    (no gloves)
Will    .....                    (boots unavailable)
Stlth   ++........               d - amulet of magic regeneration
HPRegen 0.24/turn                n - ring of protection from cold
MPRegen 0.49/turn                (no ring)

@: no status effects
A: beak, talons 3
a: Renounce Religion, Fiery Armour, Foxfire Swarm, Rising Flame


You were on level 3 of the Dungeon.
You worshipped Ignis.
Ignis was extremely pleased with you.
You visited 1 branch of the dungeon, and saw 3 of its levels.

You collected 177 gold pieces.

Inventory:

Hand Weapons
 a - a +0 shortbow (weapon)
Armour
 c - a +0 leather armour (worn)
Jewellery
 d - an amulet of magic regeneration (around neck)
 n - a ring of protection from cold (left hand)
 p - a ring of protection from cold
Scrolls
 b - a scroll of immolation
 g - a scroll of silence {unknown}
 i - a scroll of torment {unknown}
 k - a scroll of fear {unknown}
 q - a scroll of enchant weapon {unknown}
 r - a scroll of blinking {unknown}
 s - a scroll of fog {unknown}
Potions
 e - 2 potions of attraction {unknown}
 f - 2 potions of mutation {unknown}
 h - a potion of brilliance {unknown}
 j - 3 potions of invisibility {unknown}
 l - a potion of haste {unknown}
 m - a potion of berserk rage {unknown}
 o - a potion of lignification {unknown}


   Skills:
 + Level 3.0 Fighting
 * Level 5.9 Ranged Weapons
 - Level 2.1 Dodging
 - Level 1.0 Stealth


You had 3 spell levels left.
You didn't know any spells.
Your spell library contained the following spells:

 Spells                   Type           Power      Damage    Failure   Level
 Ignite Poison            Fire/Tmut/Pois 0%         N/A       85%         3
 Inner Flame              Hex/Fire       0%         N/A       85%         3
 Kindle Blastsparks       Fire/Tloc/Air  0%         2d10      85%         3
 Cause Fear               Hex            0%         N/A       99%         4
 Freezing Cloud           Conj/Ice/Air   0%         6-21      100%        5
 Discord                  Hex            0%         N/A       100%        8


Dungeon Overview and Level Annotations

Branches:
Dungeon (3/15)

Altars:
Ignis


Innate Abilities, Weirdness & Mutations

You have a beak for a mouth.
You have claws for feet.


Message History

The kobold hits you but does no damage.
You shoot an arrow.
The arrow hits the kobold but does no damage.
The kobold barely misses you.
You shoot an arrow. The arrow hits the kobold.
You kill the kobold!
No target in view!
No target in view!
Found a faded altar of an unknown god.
You now have 177 gold pieces (gained 15).
You open the door.
There is an open door here.
You open the large door.
A kobold brigand, a kobold and 2 gnolls come into view.
The kobold brigand is wielding a +0 club and quivering curare-tipped darts.
The kobold brigand shouts!
The gnoll shouts!
You hear a shout! x3
The kobold brigand throws a curare-tipped dart.
The curare-tipped dart hits you.
You are poisoned.
You have difficulty breathing.
You feel yourself slow down.
You feel sick.
You feel sick.
You feel sick.
You are no longer poisoned.
The gnoll hits you from afar with a +0 spear!
* * * LOW HITPOINT WARNING * * *
The gnoll barely misses you.
There is a faded altar of an unknown god here.
This altar belongs to (a) Ignis, (b) Makhleb or (c) Zin, but you can't tell which.
Press the corresponding letter to learn more about a god, or press enter to convert or escape to cancel.
Ignis accepts your prayer! Ignis welcomes you! The gnoll closely misses you.
The kobold hits you but does no damage. The gnoll misses you.
Activating: Foxfire Swarm
Press: ? - help, Dir - look around, f - activate Flames leap up around you!
You feel yourself speed up. The kobold barely misses you.
The gnoll hits you from afar with a +0 spear!
You die... #....'.........# ######(..#+##### #......# #(...>.# #......# ###......# #........###### ###.....###.vvvv# #.......# #.vv@v# +......†# #.vKKv#

##....######.ggvv#
#..........'.....+
##.#######..#.....#.
......................
......................
~~...(..~.~.~...~...~~~
~~~.....~≈~~~~~≈~~~~~~~


You could see a kobold brigand (ally target), 2 gnolls and a kobold (ally
target).

Vanquished Creatures
  An adder (D:2)
  A worm (D:3)
  A dart slug (D:1)
  4 ball pythons
  9 bats
  4 endoplasms
  3 giant cockroaches
  8 goblins
  18 hobgoblins
  2 jackals (D:1)
  8 kobolds
  3 quokkas
  3 frilled lizards
  A rat (D:1)
66 creatures vanquished.

Notes
Turn   | Place    | Note
-------+----------+-------------------------------------------
     0 | D:1      | KennySheep the Tengu Hunter began the quest for the Orb.
     0 | D:1      | Reached XP level 1. HP: 12/12 MP: 2/2
   101 | D:1      | Reached XP level 2. HP: 17/17 MP: 3/3
   379 | D:1      | Reached skill level 5 in Ranged Weapons
   516 | D:1      | Reached XP level 3. HP: 22/22 MP: 4/4
  1325 | D:2      | Reached XP level 4. HP: 14/27 MP: 5/5
  2019 | D:3      | Found a faded altar of an unknown god.
  2038 | D:3      | Noticed a kobold brigand
  2052 | D:3      | Prayed at the altar of an unknown god.
  2052 | D:3      | Became a worshipper of Ignis, the Dying Flame
  2053 | D:3      | Slain by a gnoll

Illustrated notes

Levels and vault maps discovered:
D:1:      minmay_arrival_three_doors, layout_basic
D:2:      cheibrodos_greedy_goblins, layout_loops_cross
D:3:      minmay_goblin_kobold_castle, layout_basic, basic_ecumenical_altar

Skill      XL: |  1  2  3  4 |
---------------+-------------+-----
Ranged Weapons | 5 |  5.9
Fighting       | 3 |  3.0
Dodging        | |  2.1
Stealth        | |  1.0

Action                   |  1- 3 |  4- 6 || total
-------------------------+-------+-------++-------
 Fire: Shortbow          |    94 |    81 ||   175
Invok: Foxfire Swarm     |       |     1 ||     1
Armor: Leather armour    |    17 |    13 ||    30
Dodge: Dodged            |    50 |    32 ||    82

Table legend: (Time is in decaauts)
 A = Elapsed time spent in this place.
 B = Non-inter-level travel time spent in this place.
 C = Inter-level travel time spent in this place.
 D = Time resting spent in this place.
 E = Time spent auto-exploring this place.
 F = Levels seen in this place.
 G = Mean time per level.
                   A        B        C        D        E       F      G
               +--------+--------+--------+--------+--------+-----+--------+
         Total |   2106 |   1999 |    107 |     68 |   1561 |   3 |  702.0 |
       Dungeon |   2106 |   1999 |    107 |     68 |   1561 |   3 |  702.0 |
               +--------+--------+--------+--------+--------+-----+--------+

Top non-repeatable levels by time:
     D:1: 902 daAuts
     D:2: 787 daAuts
     D:3: 416 daAuts
